 Dungeon Crawl Stone Soup version 0.24.0-29-g8ce449bc06 (webtiles) character file.

Game seed: 4951010187748001749, levelgen mode: deterministic

65268 Mesmaeker13 the Devastator (level 14, -11/101 HPs)
             Began as a Purple Draconian Conjurer on Nov 15, 2019.
             Was the Champion of Hepliaklqana.
             Killed from afar by an ice dragon (20 damage)
             ... with a blast of cold
             ... on level 11 of the Dungeon on Nov 16, 2019.
             The game lasted 01:26:09 (37577 turns).

Mesmaeker13 the Devastator (DrCj)                  Turns: 37577, Time: 01:26:10

Health: -11/101    AC: 10    Str: 19    XL:     14   Next: 74%
Magic:  4/32       EV: 28    Int: 22    God:    Hepliaklqana [******]
Gold:   1042       SH:  9    Dex:  6    Spells: 5/25 levels left

rFire    . . .     SeeInvis .   l - +2 trident (freeze)
rCold    + . .     Gourm    .   P - +0 shield {rPois}
rNeg     . . .     Faith    .   (armour unavailable)
rPois    +         Spirit   .   (helmet restricted)
rElec    .         Reflect  .   (no cloak)
rCorr    .         Harm     .   H - +1 pair of gloves
MR       ++...                  (no boots)
Stlth    +.........             t - amulet of the acrobat
HPRegen  0.26/turn              d - ring of the Hippo {rC+ Str+7 Int+2 Dex-5 Slay+6}
MPRegen  0.23/turn              J - ring of magical power

@: acrobat
A: breathe power, unfitting armour, reduced essence, cold-blooded, AC +8
a: Breathe Dispelling Energy, Recall Ancestor, Ancestor Identity, Transference,
Idealise, Renounce Religion


You were on level 11 of the Dungeon.
You worshipped Hepliaklqana.
Hepliaklqana was exalted by your worship.
You were very hungry.

You visited 3 branches of the dungeon, and saw 20 of its levels.

You collected 2339 gold pieces.
You spent 1297 gold pieces at shops.

Inventory:

Hand Weapons
 l - a +2 trident of freezing (weapon)
 O - a +2 vampiric war axe
Missiles
 e - 9 curare-tipped darts
 h - 2 throwing nets (quivered)
Armour
 H - a +1 pair of gloves (worn)
 N - the +1 pair of boots of Bitterness {+Blink rN+++ rCorr Slay-6}
   (You bought it in a shop on level 2 of the Orcish Mines)

   It affects your accuracy and damage with ranged weapons and melee attacks
   (-6).
   It renders you almost immune to negative energy.
   It lets you blink.
   It provides partial protection from all sources of acid and corrosion.
 P - a +0 shield of poison resistance (worn)
Jewellery
 d - the ring of the Hippo (left hand) {rC+ Str+7 Int+2 Dex-5 Slay+6}
   (You bought it in a shop on level 2 of the Orcish Mines)

   [ring of protection from cold]

   It affects your strength (+7).
   It affects your intelligence (+2).
   It affects your dexterity (-5).
   It affects your accuracy and damage with ranged weapons and melee attacks
   (+6).
   It protects you from cold.
 t - an amulet of the acrobat (around neck)
 z - an uncursed ring of poison resistance
 J - a ring of magical power (right hand)
 L - an uncursed ring of wizardry
Wands
 r - a wand of paralysis (21)
 x - a wand of digging (1)
 G - a wand of clouds (4)
Scrolls
 a - 6 scrolls of fog
 i - 8 scrolls of remove curse
 j - 5 scrolls of blinking
 m - a scroll of teleportation
 p - a scroll of acquirement {unknown}
 v - a scroll of brand weapon {unknown}
 y - a scroll of amnesia
 A - a scroll of vulnerability
 B - a scroll of silence
 K - 2 scrolls of holy word
Potions
 c - 2 potions of curing
 g - a potion of mutation {unknown}
 k - 4 potions of brilliance
 n - a potion of berserk rage {unknown}
 q - a potion of might {unknown}
 s - a potion of lignification {unknown}
 w - 3 potions of flight
 C - a potion of cancellation {unknown}
 D - a potion of agility
 E - 2 potions of invisibility {unknown}
 M - 2 potions of haste
Miscellaneous
 f - 2 boxes of beasts
Comestibles
 b - 18 rations


   Skills:
 - Level 7.0 Fighting
 + Level 12.8 Dodging
 - Level 1.7 Stealth
 + Level 4.1 Shields
 - Level 6.2 Spellcasting
 + Level 15.0 Conjurations
 - Level 12.4 Hexes
 - Level 8.1 Translocations


You had 5 spell levels left.
You knew the following spells:

 Your Spells              Type           Power        Failure   Level  Hunger
a - Magic Dart            Conj           ####         1%          1    None
b - Searing Ray           Conj           ######       1%          2    None
c - Dazzling Spray        Conj/Hex       ######       1%          3    #......
d - Fulminant Prism       Conj/Hex       ######....   1%          4    ###....
e - Force Lance           Conj/Tloc      ######..     3%          4    ###....
f - Invisibility          Hex            ######..     32%         6    ######.

Your spell library contained the following spells:

 Spells                   Type           Power        Failure   Level  Hunger
 Apportation              Tloc           #####.       1%          1    None
 Tukima's Dance           Hex            ######..     1%          3    #......
 Iskenderun's Mystic Bla  Conj           ######..     1%          4    ###....
 Lesser Beckoning         Tloc           #####.....   3%          3    #......
 Summon Butterflies       Summ           #.......     36%         1    None
 Alistair's Intoxication  Tmut/Pois      #.......     100%        5    #####..


Dungeon Overview and Level Annotations

Branches:
Dungeon (12/15)            Temple (0/1) D:5            Lair (6/6) D:9
 Shoals (0/4) Lair:3       Spider (0/4) Lair:3        Slime (0/5) Lair:6
    Orc (2/2) D:12            Elf (0/3) Orc:2

Altars:
Dithmenos
Hepliaklqana
Qazlal
Ru
Trog
Uskayaw
Xom
Yredelemnul
Zin
The Shining One
Beogh

Shops:
D:4 =   D:10 =   Orc:2 (=[*

Annotations:
D:8 3 runed translucent doors, Monsterracer's ghost, novice MiCj
D:11 1 exclusion
Lair:6 exclusion: 7 oklob plants


Innate Abilities, Weirdness & Mutations

You can breathe bolts of dispelling energy.
Your rich purple scales are hard. (AC +8)
You cannot fit into any form of body armour.
You are cold-blooded and may be slowed by cold attacks.
Your life essence is reduced to manifest your ancestor. (-10% HP)


Message History

* * * LOW HITPOINT WARNING * * *
You stumble backwards!
You feel better. The ice dragon breathes frost at you.
The blast of cold hits you! You resist.
* * * LOW HITPOINT WARNING * * *
Unknown command.
You feel better. The ice dragon barely misses you. x2
The ice dragon tramples you.
* * * LOW HITPOINT WARNING * * *
You hold your ground!
The ice dragon bites you.
* * * LOW HITPOINT WARNING * * *
You block the ice dragon's attack. The ice dragon tramples you.
* * * LOW HITPOINT WARNING * * *
You stumble backwards!
Your surroundings seem slightly different.
The ice dragon breathes frost at you. The blast of cold hits you!! You resist.
You die...

##..#............. #....# #
##..#...##.......# #.#..# #
##..#...##.......# #.#..#
##(.#...##........ .#.#..#
##..#......##########..#.#..# ..
##..####'###...........#.#..# #..
######.................#....# #..
#....#..(..............#....###.#
#....#...)......@......#.##.#...#
#....#...(...D.........#.##.#...#
#....#...(##..##...#####...)#...#
.###'#....##ยง########..######...#
.#.........................####.'
.#.........................'....#
.#........[(...............#.##.#
.#.........[...............#.....
.'.........................#.....


You could see an ice dragon.

Vanquished Creatures
  A fire dragon (Lair:5)
  6 hydras
  2 two-headed ogres
  4 orc high priests (Orc:2)
  Sonja (Orc:1)
  2 orc knights
  3 orc sorcerers
  An ugly thing (D:11)
  A manticore (D:11)
  2 cyclopes
  2 black mambas
  6 elephants
  A merfolk siren (Lair:3)
  7 spiny frogs
  4 komodo dragons
  3 rime drakes
  3 kobold demonologists (D:11)
  6 trolls
  2 polar bears (Lair:6)
  2 hornets
  7 blink frogs
  3 dream sheep (Lair:6)
  4 hippogriffs
  Sigmund (D:4)
  A redback (Lair:3)
  A wraith (D:12)
  8 spriggans
  Eustachio (D:4)
  4 basilisks
  22 yaks
  A hungry ghost (D:11)
  8 steam dragons (Lair:5)
  4 wargs
  An acid dragon (D:11)
  8 water moccasins
  4 porcupines
  22 orc warriors
  An ice beast (D:6)
  A sky beast (D:8)
  A phantom (D:9)
  4 boggarts (Lair:6)
  7 wolves
  8 ogres
  2 centaurs
  4 crocodiles (Lair:5)
  A big kobold (D:7)
  5 bullfrogs
  2 wyvern skeletons (D:12)
  3 scorpions
  8 killer bees
  3 wights (D:8)
  4 electric eels
  9 howler monkeys
  3 crimson imps
  A centaur zombie (D:12)
  A bullfrog skeleton (D:11)
  A quasit (D:5)
  4 hounds
  A gnoll shaman (D:8)
  20 orc priests
  2 jellies
  30 orc wizards
  10 knights
  3 worker ants
  A hound skeleton (D:5)
  Robin (D:4)
  9 gnolls
  An ancestor (D:6)
  6 adders
  3 shadow imps
  10 white imps (Lair:3)
  An adder skeleton (D:5)
  3 worms
  4 leopard geckos
  55 orcs
  5 bats
  4 giant cockroaches
  7 hobgoblins
  9 jackals
  5 quokkas
  6 frilled lizards
  17 goblins
  33 kobolds
  6 rats
  4 fungi
  A plant (Lair:5)
489 creatures vanquished.

Vanquished Creatures (collateral kills)
  An orc warlord (Orc:2)
  A catoblepas (Lair:5)
  2 orc knights
  An ugly thing (D:11)
  3 elephants (Lair:3)
  3 black mambas
  A centaur skeleton (D:11)
  9 spiny frogs
  2 kobold demonologists
  3 rime drakes
  3 komodo dragons
  3 polar bears
  2 hornets (Lair:6)
  4 hippogriffs
  8 blink frogs
  A vampire (D:12)
  2 redbacks (Lair:3)
  9 yaks
  A wyvern (Lair:4)
  3 basilisks
  3 spriggans (Lair:6)
  5 steam dragons (Lair:5)
  3 wargs
  A warg (shapeshifter) (D:11)
  4 water moccasins
  A porcupine (Lair:2)
  A sky beast (D:7)
  4 black bears
  2 phantoms (D:11)
  2 eyes of draining (D:11)
  14 orc warriors
  4 ogres
  13 wolves
  A centaur (D:12)
  11 crocodiles
  8 big kobolds
  4 bullfrogs
  A scorpion (D:12)
  8 killer bees
  2 crimson imps
  A howler monkey (D:12)
  6 hounds
  5 orc priests
  15 orc wizards
  3 iguanas
  4 worker ants
  A hound zombie (D:10)
  2 hound skeletons
  4 gnolls
  A howler monkey skeleton (D:11)
  2 adders
  A shadow imp (D:11)
  2 white imps (Lair:3)
  A worm (D:5)
  26 orcs
  2 bats (D:3)
  2 giant cockroaches
  A hobgoblin (D:4)
  2 jackals (D:7)
  2 quokkas
  9 kobolds
  3 fungi
249 creatures vanquished.

Vanquished Creatures (others)
  21 knights
  4 ancestors
  An orc (D:9)
  198 fulminant prisms
  26 fungi
  21 plants
271 creatures vanquished.

Grand Total: 1009 creatures vanquished

Notes
Turn   | Place    | Note
-------+----------+-------------------------------------------
     0 | D:1      | Mesmaeker13 the Draconian Conjurer began the quest for the
                  | Orb.
     0 | D:1      | Reached XP level 1. HP: 14/14 MP: 3/3
   317 | D:1      | Reached XP level 2. HP: 20/20 MP: 1/5
  1365 | D:2      | Learned a level 2 spell: Searing Ray
  1381 | D:2      | Reached XP level 3. HP: 26/26 MP: 1/6
  2295 | D:2      | Found a hazy altar of Hepliaklqana.
  2304 | D:2      | Became a worshipper of Hepliaklqana the Forgotten
  2651 | D:2      | Found a stormy altar of Qazlal.
  2652 | D:2      | Noticed a fire elemental
  2653 | D:2      | Noticed an air elemental
  2654 | D:2      | Noticed an earth elemental
  2654 | D:2      | Noticed a water elemental
  2686 | D:3      | Reached XP level 4. HP: 29/29 MP: 8/8
  2691 | D:3      | Learned a level 3 spell: Dazzling Spray
  3523 | D:3      | Reached XP level 5. HP: 17/34 MP: 7/9
  3913 | D:4      | Reached skill level 5 in Conjurations
  4421 | D:4      | Noticed Eustachio
  4421 | D:4      | Noticed Sigmund
  4587 | D:4      | Noticed an ogre
  4593 | D:4      | Killed an ogre
  4593 | D:4      | Reached XP level 6. HP: 38/40 MP: 6/11
  4797 | D:4      | Found Noheh's Jewellery Emporium.
  4801 | D:4      | Killed Eustachio
  5104 | D:4      | Noticed Robin
  5106 | D:4      | Killed Sigmund
  5106 | D:4      | Reached skill level 6 in Conjurations
  5106 | D:4      | Your scales start taking on a rich purple colour.
  5106 | D:4      | Reached skill level 5 in Spellcasting
  5106 | D:4      | Reached XP level 7. HP: 41/45 MP: 15/15
  5130 | D:4      | Killed Robin
  5573 | D:4      | Reached skill level 5 in Dodging
  5894 | D:5      | Entered Level 5 of the Dungeon
  5900 | D:5      | Reached * piety under Hepliaklqana
  5912 | D:5      | Learned a level 4 spell: Fulminant Prism
  5994 | D:5      | Reached XP level 8. HP: 51/51 MP: 13/17
  5999 | D:5      | Found a staircase to the Ecumenical Temple.
  6030 | D:5      | Reached skill level 1 in Hexes
  6260 | D:5      | Reached skill level 7 in Conjurations
  6851 | D:5      | Found a stormy altar of Qazlal.
  6851 | D:5      | Found a shimmering altar of Xom.
  6856 | D:5      | Found a basalt altar of Yredelemnul.
  6858 | D:5      | Found a glowing golden altar of the Shining One.
  6859 | D:5      | Found a sacrificial altar of Ru.
  7184 | D:6      | Found a glowing silver altar of Zin.
  7639 | D:6      | Found a bloodstained altar of Trog.
  7878 | D:7      | Reached ** piety under Hepliaklqana
  7886 | D:7      | Remembered your ancestor Tepiltzin as a knight
  8048 | D:7      | Reached XP level 9. HP: 55/55 MP: 9/18
  8061 | D:7      | Reached skill level 8 in Conjurations
  8253 | D:7      | Found a shadowy altar of Dithmenos.
  8385 | D:7      | Reached skill level 5 in Hexes
  8882 | D:8      | Noticed a kobold demonologist
  8891 | D:8      | Killed a kobold demonologist
  8912 | D:8      | Reached skill level 9 in Conjurations
  9089 | D:8      | Found a bloodstained altar of Trog.
  9090 | D:8      | Found a runed translucent gate.
  9357 | D:8      | Reached XP level 10. HP: 45/62 MP: 13/19
  9768 | D:8      | Found a runed translucent gate.
  9769 | D:8      | Found a runed translucent gate.
  9771 | D:8      | Noticed Monsterracer's ghost (novice MiCj)
  9984 | D:9      | Found a staircase to the Lair.
 10453 | D:9      | Reached *** piety under Hepliaklqana
 10587 | D:9      | Reached skill level 10 in Conjurations
 11063 | D:10     | Entered Level 10 of the Dungeon
 11587 | D:10     | Reached **** piety under Hepliaklqana
 11667 | D:10     | Found Lolip's Jewellery Shop.
 11674 | D:10     | Bought an uncursed ring of magical power for 220 gold
                  | pieces
 11900 | Lair:1   | Entered Level 1 of the Lair of Beasts
 11906 | Lair:1   | Learned a level 4 spell: Force Lance
 11924 | Lair:1   | Reached XP level 11. HP: 62/66 MP: 12/20
 12805 | Lair:1   | Reached skill level 11 in Conjurations
 13947 | Lair:2   | Reached ***** piety under Hepliaklqana
 13949 | Lair:2   | You fall into a shaft and drop 1 floor!
 13955 | Lair:3   | Reached skill level 10 in Hexes
 14096 | Lair:3   | Reached skill level 10 in Dodging
 14579 | Lair:3   | Found a frozen archway.
 14735 | Lair:3   | Reached XP level 12. HP: 20/72 MP: 5/21
 15157 | Lair:3   | Found a hole to the Spider Nest.
 15223 | Lair:3   | Reached skill level 12 in Conjurations
 15421 | Lair:3   | Found a staircase to the Shoals.
 16098 | Lair:4   | Reached skill level 1 in Translocations
 17306 | Lair:5   | Noticed a catoblepas
 17367 | Lair:5   | Killed a catoblepas
 17805 | Lair:5   | Noticed a seven-headed hydra
 18792 | Lair:5   | Noticed a fire dragon
 18811 | Lair:5   | Killed a fire dragon
 18811 | Lair:5   | Reached skill level 13 in Conjurations
 18811 | Lair:5   | Reached skill level 5 in Translocations
 19334 | Lair:5   | Killed a seven-headed hydra
 19373 | Lair:5   | Reached XP level 13. HP: 77/77 MP: 22/22
 20087 | Lair:6   | Entered Level 6 of the Lair of Beasts
 20362 | Lair:6   | Learned a level 6 spell: Invisibility
 23546 | Lair:6   | Reached skill level 1 in Fighting
 23944 | Lair:6   | Reached skill level 14 in Conjurations
 24631 | Lair:6   | Reached skill level 1 in Shields
 25179 | Lair:6   | Found a staircase to the Slime Pits.
 25617 | Lair:6   | HP: 3/85 [acid (18)]
 28912 | D:11     | Found a hazy altar of Hepliaklqana.
 28956 | D:11     | Found a hide-covered altar of Uskayaw.
 28957 | D:11     | Noticed a storm dragon
 28993 | D:11     | Reached XP level 14. HP: 93/93 MP: 23/23
 29654 | D:12     | Reached ****** piety under Hepliaklqana
 30425 | D:12     | Reached skill level 5 in Fighting
 30679 | D:12     | Found a staircase to the Orcish Mines.
 30955 | Orc:1    | Entered Level 1 of the Orcish Mines
 31821 | Orc:1    | Found a roughly hewn altar of Beogh.
 31922 | Orc:2    | Entered Level 2 of the Orcish Mines
 31922 | Orc:2    | Found a staircase to the Elven Halls.
 33370 | Orc:2    | Noticed an orc warlord
 33516 | Orc:1    | Noticed Sonja
 33528 | Orc:1    | Killed Sonja
 34452 | Orc:2    | Killed an orc warlord
 36336 | Orc:2    | Found Ucilova's General Store.
 36337 | Orc:2    | Found Reanisi's Jewellery Boutique.
 36340 | Orc:2    | Found Jixu's Antique Armour Boutique.
 36340 | Orc:2    | Found Otsicsomn's Antique Weapon Shop.
 36533 | Orc:2    | Bought a pair of spiked boots for 199 gold pieces
 36533 | Orc:2    | Bought a shiny shield for 157 gold pieces
 36540 | Orc:2    | Identified the +1 pair of boots of Bitterness {+Blink rN+++
                  | rCorr Slay-6} (You bought it in a shop on level 2 of the
                  | Orcish Mines)
 36587 | Orc:2    | Bought the ring of the Hippo {rC+ Str+7 Int+2 Dex-5 Slay+6}
                  | for 721 gold pieces
 37241 | D:11     | Reached skill level 15 in Conjurations
 37577 | D:11     | Killed from afar by an ice dragon

Levels and vault maps discovered:
D:1:      evilmike_arrival_come_back, layout_loops_ring
D:2:      layout_loops_ring, lemuel_crystal_altar, first_ration,
          nicolae_qazlal_style_of_elements
D:3:      layout_rooms
D:4:      layout_rooms, serial_shops, kennysheep_mini, serial_bayou_pond_b,
          uniq_eustachio, uniq_robin, uniq_sigmund
D:5:      layout_loops_cross, chequers_temple_overflow_minitemple,
          minmay_temple_entry_ruins
D:6:      layout_basic, old_standard_altar, zin_academy
D:7:      layout_rooms, basic_altar, grunt_ogre_cave, serial_bayou_crossing
D:8:      layout_basic, ebering_ghost_rock_garden, dk_vineyard_2,
          trog_three_pillars_becter
D:9:      layout_gridville, lair_entry_dummy
D:10:     layout_basic, serial_shops, shop
D:11:     layout_stronghold, jmf_multi_god_temple
D:12:     layout_cave_pools, erik_orc_4, serial_glass, glass_columns_a,
          glass_columns_a, chequers_jeans
Lair:1:   layout_regular_city, grunt_megastairs_5
Lair:2:   layout_cave_pods, chequers_serial_rivers_micro_e,
          chequers_serial_rivers_micro_d, st_stairs_9, lemuel_fruit_fields
Lair:3:   layout_roguey, minmay_shoals_entry_lonely_mermaid,
          spider_nest_entry_webs, portal_ice_cave_entry_imps, minivault_25
Lair:4:   layout_concentric_octagons
Lair:5:   layout_cave_pods, serial_rivers, chequers_serial_rivers_small_b,
          chequers_serial_rivers_micro_a, chequers_serial_rivers_micro_b,
          chequers_serial_rivers_small_a, chequers_serial_rivers_large_b,
          chequers_serial_rivers_small_b, bobbens_dragon_lair_wall
Lair:6:   minmay_lair_end_enchanted_forest, layout_cave_pods,
          minmay_slime_entry_oklob_enclosed, chequers_serial_rivers_micro_b,
          lemuel_fruit_fields, minmay_lair_oklob_chamber
Orc:1:    layout_diamond_mine, basic_altar, uniq_sonja
Orc:2:    st_orc_congregation, layout_caves, statue_in_the_mist_lemuel,
          small_statue_alley_c, nicolae_orc_flooded_monolith

Skill      XL: |  1  2  3  4  5  6  7  8  9 10 11 12 13 14 |
---------------+-------------------------------------------+-----
Dodging        | 2 3 4 5 6 7 9 10 11 12 | 12.8
Spellcasting   | 3 5 6 |  6.2
Conjurations   | 5 6 7 9 10 11 13 14 15 | 15.0
Hexes          | 4 6 9 10 11 12 | 12.4
Translocations | 5 8 |  8.1
Fighting       | 4 7 |  7.0
Shields        | 2 4 |  4.1
Stealth        | |  1.7

Action                   |  1- 3 |  4- 6 |  7- 9 | 10-12 | 13-15 || total
-------------------------+-------+-------+-------+-------+-------++-------
Melee: Spear             |    26 |    40 |   151 |   277 |   577 ||  1071
       Tailslap          |     2 |       |    12 |    14 |    44 ||    72
       Trident           |       |       |       |       |    12 ||    12
Throw: Dart              |       |     4 |     2 |       |       ||     6
       Throwing net      |       |       |       |     2 |     2 ||     4
 Cast: Magic Dart        |    81 |    41 |    85 |   156 |   146 ||   509
       Searing Ray       |       |     5 |    21 |    28 |    40 ||    94
       Fulminant Prism   |       |       |    12 |    70 |   116 ||   198
       Dazzling Spray    |       |       |       |     9 |    30 ||    39
       Force Lance       |       |       |       |     9 |    89 ||    98
       Invisibility      |       |       |       |       |     2 ||     2
Invok: Recall Ancestor   |       |     3 |       |     2 |     4 ||     9
       Ancestor Life: Kn |       |       |     1 |       |       ||     1
 Abil: Breathe Dispellin |       |       |     4 |     1 |     4 ||     9
Evoke: Wand              |       |     4 |     6 |    15 |    16 ||    41
       Box of beasts     |       |       |       |     2 |     1 ||     3
  Use: Scroll            |     5 |     4 |     5 |    14 |    11 ||    39
       Potion            |       |     2 |       |     5 |     8 ||    15
 Stab: Sleeping          |     1 |       |     2 |     2 |       ||     5
       Distracted        |       |       |     2 |     2 |     4 ||     8
       Invisible         |       |       |       |       |     1 ||     1
       Paralysed         |       |       |       |       |     1 ||     1
  Eat: Chunk             |     6 |     2 |     7 |    23 |    29 ||    67
       Ration            |       |     2 |     2 |     6 |    16 ||    26
Armor: Skin              |     4 |    12 |    39 |    40 |    95 ||   190
Dodge: Dodged            |    27 |    44 |   150 |   271 |   712 ||  1204
Block: Buckler           |       |       |       |       |   113 ||   113
       Shield            |       |       |       |       |     1 ||     1
